 Dungeon Crawl Stone Soup version 0.26-a0-651-gb41185065b (webtiles) character file.

Game seed: 8046066758612499540

80 Lanoc the Skirmisher (level 4, -8/49 HPs)
             Began as an Ogre Fighter on Oct 18, 2020.
             Mangled by a gnoll
             ... wielding a +0 whip
              (9 damage)
             ... on level 3 of the Dungeon.
             The game lasted 00:01:03 (1263 turns).

Lanoc the Skirmisher (Ogre Fighter)                 Turns: 1263, Time: 00:01:04

Health: -8/49      AC:  3    Str: 20    XL:     4   Next: 39%
Magic:  4/4        EV:  8    Int:  9    God:
Gold:   18         SH:  8    Dex:  9    Spells: 3/3 levels left

rFire    . . .     SeeInvis .   a - +0 flail
rCold    . . .     Faith    .   c - +0 kite shield
rNeg     . . .     Spirit   .   b - +0 robe
rPois    .         Reflect  .   (helmet restricted)
rElec    .         Harm     .   (no cloak)
rCorr    .         Rampage  .   (gloves unavailable)
MR       .....                  (boots unavailable)
Stlth    +.........             (no amulet)
HPRegen  0.16/turn              (no ring)
MPRegen  0.09/turn              (no ring)

@: no status effects
A: large, unfitting armour, tough skin 1
a: no special abilities


You were on level 3 of the Dungeon.
You visited 1 branch of the dungeon, and saw 3 of its levels.

You collected 18 gold pieces.

Inventory:

Hand Weapons
 a - a +0 flail (weapon)
Armour
 b - a +0 robe (worn)
 c - a +0 kite shield (worn)
Scrolls
 f - 2 scrolls of teleportation {unknown}
Potions
 d - 2 potions of might


   Skills:
 + Level 4.6 Fighting
 * Level 2.9 Maces & Flails
 + Level 3.2 Dodging
 + Level 3.1 Shields


You had 3 spell levels left.
You didn't know any spells.
Your spell library was empty.

Dungeon Overview and Level Annotations

Branches:
Dungeon (3/15)

Altars:


Innate Abilities, Weirdness & Mutations

You are too large for most types of armour.
You have tough skin. (AC +1)


Message History

The gnoll hits you but does no damage.
You hit the gnoll but do no damage. You block the gnoll's attack.
You barely miss the gnoll. The gnoll hits you but does no damage.
The gnoll hits you with a +0 spear!
* * * LOW HITPOINT WARNING * * *
You barely miss the gnoll. You block the gnoll's attack.
Your shield prevents you from hitting the gnoll.
The gnoll hits you with a +0 spear.
* * * LOW HITPOINT WARNING * * *
You sock the gnoll!
The gnoll is severely wounded.
The gnoll hits you with a +0 spear.
* * * LOW HITPOINT WARNING * * *
You block the gnoll's attack.
You sock the gnoll!
You kill the gnoll!
The gnoll hits you with a +0 whip.
* * * LOW HITPOINT WARNING * * *
You closely miss the gnoll. The gnoll hits you with a +0 whip!
You die...

######################
#...g@................
#.###################.
#.# #. #.# #. #g# #.
#.g...# #. #.....# #.
#.....# #####. .......
.......


You could see a gnoll.

Vanquished Creatures
  A worker ant (D:3)
  2 gnolls (D:3)
  2 adders (D:3)
  A worm (D:3)
  A leopard gecko (D:3)
  A giant cockroach (D:3)
  3 goblins (D:3)
  A hobgoblin (D:2)
  3 jackals (D:1)
  A quokka (D:3)
  2 rats (D:3)
18 creatures vanquished.

Notes
Turn   | Place    | Note
-------+----------+-------------------------------------------
     0 | D:1      | Lanoc the Ogre Fighter began the quest for the Orb.
     0 | D:1      | Reached XP level 1. HP: 24/24 MP: 1/1
   213 | D:3      | Reached XP level 2. HP: 32/32 MP: 2/2
   409 | D:3      | Reached XP level 3. HP: 2/40 MP: 3/3
   891 | D:3      | Reached XP level 4. HP: 12/49 MP: 4/4
  1262 | D:3      | HP: 1/49 [gnoll/+0 whip (3)]
  1263 | D:3      | Mangled by a gnoll

Illustrated notes

Levels and vault maps discovered:
D:1:      erik_arrival_orb_chamber, layout_loops_ring
D:2:      layout_basic, nicolae_overflow_crystal_walls
D:3:      layout_basic

Skill      XL: |  1  2 |
---------------+-------+-----
Maces & Flails | 2 |  2.9
Dodging        | 3 |  3.2
Shields        | 3 |  3.1
Fighting       | |  4.6

Action                   |  1- 3 |  4- 6 || total
-------------------------+-------+-------++-------
Melee: Flail             |    76 |    16 ||    92
  Use: Potion            |     1 |       ||     1
 Stab: Sleeping          |     1 |       ||     1
Armor: Robe              |    31 |     3 ||    34
Dodge: Dodged            |    36 |     3 ||    39
Block: Kite shield       |    39 |     8 ||    47

Table legend: (Time is in decaauts)
 A = Elapsed time spent in this place.
 B = Non-inter-level travel time spent in this place.
 C = Inter-level travel time spent in this place.
 D = Time resting spent in this place.
 E = Time spent auto-exploring this place.
 F = Levels seen in this place.
 G = Mean time per level.
                   A        B        C        D        E       F      G
               +--------+--------+--------+--------+--------+-----+--------+
         Total |   1296 |   1293 |      3 |    159 |    943 |   3 |  432.0 |
       Dungeon |   1296 |   1293 |      3 |    159 |    943 |   3 |  432.0 |
               +--------+--------+--------+--------+--------+-----+--------+

Top non-repeatable levels by time:
     D:3: 1081 daAuts
     D:1: 202 daAuts
     D:2: 12 daAuts
